SL
ATHLETIC CLUB KC @ ECHO PARK LAKERS
09/24/2030
 
TOP OF THE 1ST
Athletic Club KC batting - Pitching for Echo Park Lakers : RHP Mark Collingwood
Pitching: RHP Mark Collingwood
Batting: RHB Jesús Vargas 0-0: Ball
1-0: Ground out 5-3 (Groundball, 56)
Batting: RHB Dong-min Cho 0-0: Ball
1-0: Called Strike
1-1: Ball
2-1: Ground out 5-3 (Groundball, 56S)
Batting: LHB Tsai Ng 0-0: Called Strike
0-1: Foul Ball, location: 2F
0-2: Ball
1-2: Foul Ball, location: 2F
1-2: Ground out 5-3 (Groundball, 56)
Top of the 1st over - 0 runs, 0 hits, 0 errors, 0 left on base; Athletic Club KC 0 - Echo Park 0
BOTTOM OF THE 1ST
Echo Park Lakers batting - Pitching for Athletic Club KC : RHP Pedro Ramírez
Pitching: RHP Pedro Ramírez
Batting: RHB Miguel Morán 0-0: Fly out, F8 (Flyball, 8RD)
Batting: LHB Stefan Vanderhoof 0-0: Ball
1-0: Foul Ball, location: 2F
1-1: Foul Ball, location: 2F
1-2: Ball
2-2: Strikes out swinging
Batting: RHB Guillermo Coss 0-0: Foul Ball, location: 2F
0-1: Ground out 6-3 (Groundball, 6S)
Bottom of the 1st over - 0 runs, 0 hits, 0 errors, 0 left on base; Athletic Club KC 0 - Echo Park 0
TOP OF THE 2ND
Athletic Club KC batting - Pitching for Echo Park Lakers : RHP Mark Collingwood
Batting: LHB Jesús Reyes 0-0: Called Strike
0-1: Ball
1-1: Foul Ball, location: 2F
1-2: Strikes out swinging
Batting: SHB Pedro Vázquez 0-0: Fly out, F4 (Flyball, 4D)
Batting: LHB Manuel Domínguez 0-0: Ball
1-0: Ground out 3-1 (Groundball, 34S)
Top of the 2nd over - 0 runs, 0 hits, 0 errors, 0 left on base; Athletic Club KC 0 - Echo Park 0
BOTTOM OF THE 2ND
Echo Park Lakers batting - Pitching for Athletic Club KC : RHP Pedro Ramírez
Batting: LHB Count Dante 0-0: Ball
1-0: Swinging Strike
1-1: Ball
2-1: Ball
3-1: Ground out 2-3 (Groundball, 2R)
Batting: RHB Yoshihito Samurakami 0-0: Ball
1-0: Ball
2-0: Swinging Strike
2-1: Swinging Strike
2-2: Foul Ball, location: 2F
2-2: Foul Ball, location: 2F
2-2: Ball
3-2: Foul Ball, location: 2F
3-2: Base on Balls
Batting: RHB Freddy Torres 0-0: Fly out, F7 (Flyball, 7LM)
Batting: RHB Zhenya Worobtsoff 0-0: Called Strike
0-1: Ball
1-1: Swinging Strike
1-2: Strikes out swinging
Bottom of the 2nd over - 0 runs, 0 hits, 0 errors, 1 left on base; Athletic Club KC 0 - Echo Park 0
TOP OF THE 3RD
Athletic Club KC batting - Pitching for Echo Park Lakers : RHP Mark Collingwood
Batting: RHB Richard Younger 0-0: Ball
1-0: Ball
2-0: Ball
3-0: Foul Ball, location: 2F
3-1: Base on Balls
Batting: SHB Sang-your Yu 0-0: Ball
1-0: Foul Ball, location: 2F
1-1: Ball
2-1: Ball
3-1: Reached on error, E5 (Groundball, 56D)
Richard Younger to second
Batting: RHB Khal Drogo 0-0: Called Strike
Richard Younger steals 3rd base
0-1: Called Strike
0-2: Foul Ball, location: 2F
0-2: Ball
1-2: Grounds into double play, 4-6-3 (Groundball, 4)
Richard Younger scores
Batting: RHB Jesús Vargas 0-0: Reached on error, E5 (Groundball, 5)
Batting: RHB Dong-min Cho 0-0: Ball
Jesús Vargas is caught stealing 2nd base
Top of the 3rd over - 1 run, 0 hits, 2 errors, 0 left on base; Athletic Club KC 1 - Echo Park 0
BOTTOM OF THE 3RD
Echo Park Lakers batting - Pitching for Athletic Club KC : RHP Pedro Ramírez
Batting: RHB Alfredo Mojica 0-0: Called Strike
0-1: Called Strike
0-2: Foul Ball, location: 2F
0-2: Ball
1-2: Ball
2-2: Foul Ball, location: 2F
2-2: Foul Ball, location: 2F
2-2: Ball
3-2: Strikes out swinging
Batting: RHB Ismael Sandoval 0-0: Called Strike
0-1: Ball
1-1: Foul Ball, location: 2F
1-2: SINGLE (Line Drive, 8LS)
Batting: RHB Miguel Morán 0-0: Ball
1-0: Grounds into double play, 4-6-3 (Groundball, 4)
Bottom of the 3rd over - 0 runs, 1 hit, 0 errors, 0 left on base; Athletic Club KC 1 - Echo Park 0
TOP OF THE 4TH
Athletic Club KC batting - Pitching for Echo Park Lakers : RHP Mark Collingwood
Batting: RHB Dong-min Cho 0-0: Ball
1-0: Ball
2-0: Ground out 4-3 (Groundball, 34)
Batting: LHB Tsai Ng 0-0: Ball
1-0: Fly out, F7 (Flyball, 7)
Batting: LHB Jesús Reyes 0-0: Ball
1-0: Called Strike
1-1: Foul Ball, location: 2F
1-2: Foul Ball, location: 2F
1-2: DOUBLE (Groundball, 3L)
Batting: SHB Pedro Vázquez 0-0: Ball
1-0: Swinging Strike
1-1: Fly out, F1 (Popup, P)
Top of the 4th over - 0 runs, 1 hit, 0 errors, 1 left on base; Athletic Club KC 1 - Echo Park 0
BOTTOM OF THE 4TH
Echo Park Lakers batting - Pitching for Athletic Club KC : RHP Pedro Ramírez
Batting: LHB Stefan Vanderhoof 0-0: Swinging Strike
0-1: Called Strike
0-2: Strikes out swinging
Batting: RHB Guillermo Coss 0-0: Ball
1-0: Ball
2-0: Foul Ball, location: 2F
2-1: SINGLE (Line Drive, 9S)
Batting: LHB Count Dante 0-0: Ball
1-0: Called Strike
1-1: Called Strike
1-2: Foul Ball, location: 2F
1-2: Fly out, F8 (Flyball, 8LXD)
Runner from 1st tags up, SAFE at 2nd
Batting: RHB Yoshihito Samurakami 0-0: Called Strike
0-1: Fly out, F8 (Flyball, 8RM)
Bottom of the 4th over - 0 runs, 1 hit, 0 errors, 1 left on base; Athletic Club KC 1 - Echo Park 0
TOP OF THE 5TH
Athletic Club KC batting - Pitching for Echo Park Lakers : RHP Mark Collingwood
Batting: LHB Manuel Domínguez 0-0: Swinging Strike
0-1: Ball
1-1: Foul Ball, location: 2F
1-2: Ball
2-2: SINGLE (Groundball, 6D)
Batting: RHB Richard Younger 0-0: Foul Ball, location: 2F
0-1: Ball
1-1: Ball
2-1: Ball
3-1: Foul Ball, location: 2F
3-2: DOUBLE (Line Drive, 78XD)
Manuel Domínguez to third
Runner from 3rd tries for Home, SAFE, no throw
Batting: SHB Sang-your Yu 0-0: Intentional Walk
Batting: RHB Khal Drogo 0-0: Sac Bunt - play at first, batter OUT! 3-4
Richard Younger to third
Sang-your Yu to second
Batting: RHB Jesús Vargas 0-0: Ball
1-0: Foul Ball, location: 2F
1-1: Ball
2-1: Fly out, F8 (Line Drive, 8LM)
Runner from 3rd tags up, SCORES, throw made
Batting: RHB Dong-min Cho 0-0: Ball
1-0: Ground out 6-3 (Groundball, 6)
Top of the 5th over - 2 runs, 2 hits, 0 errors, 1 left on base; Athletic Club KC 3 - Echo Park 0
BOTTOM OF THE 5TH
Echo Park Lakers batting - Pitching for Athletic Club KC : RHP Pedro Ramírez
Batting: RHB Freddy Torres 0-0: Swinging Strike
0-1: Swinging Strike
0-2: Foul Ball, location: 2F
0-2: Strikes out looking
Batting: RHB Zhenya Worobtsoff 0-0: Ball
1-0: Called Strike
1-1: Ground out 3-1 (Groundball, 34)
Batting: RHB Alfredo Mojica 0-0: Called Strike
0-1: Ball
1-1: Ground out 4-3 (Groundball, 4)
Bottom of the 5th over - 0 runs, 0 hits, 0 errors, 0 left on base; Athletic Club KC 3 - Echo Park 0
TOP OF THE 6TH
Athletic Club KC batting - Pitching for Echo Park Lakers : RHP Mark Collingwood
Batting: LHB Tsai Ng 0-0: Called Strike
0-1: Foul Ball, location: 2F
0-2: Foul Ball, location: 2F
0-2: Ball
1-2: Ball
2-2: Foul Ball, location: 2F
2-2: Ground out U3 (Groundball, 3L)
Batting: LHB Jesús Reyes 0-0: Ball
1-0: Ground out 4-3 (Groundball, 4)
Batting: SHB Pedro Vázquez 0-0: Ball
1-0: Foul Ball, location: 2F
1-1: Ball
2-1: Fly out, F9 (Flyball, 9D)
Top of the 6th over - 0 runs, 0 hits, 0 errors, 0 left on base; Athletic Club KC 3 - Echo Park 0
BOTTOM OF THE 6TH
Echo Park Lakers batting - Pitching for Athletic Club KC : RHP Pedro Ramírez
Batting: RHB Ismael Sandoval 0-0: Ball
1-0: Swinging Strike
1-1: Called Strike
1-2: Strikes out swinging
Batting: RHB Miguel Morán 0-0: Called Strike
0-1: Fly out, F8 (Flyball, 78D)
Batting: LHB Stefan Vanderhoof 0-0: SINGLE (Groundball, 56D)
Batting: RHB Guillermo Coss 0-0: Ball
1-0: Called Strike
1-1: Ball
2-1: Called Strike
2-2: Foul Ball, location: 2F
2-2: Foul Ball, location: 2F
2-2: SINGLE (Groundball, 6D)
Stefan Vanderhoof to second
Batting: LHB Count Dante 0-0: Ball
1-0: Fly out, F7 (Flyball, 78S)
Bottom of the 6th over - 0 runs, 2 hits, 0 errors, 2 left on base; Athletic Club KC 3 - Echo Park 0
TOP OF THE 7TH
Athletic Club KC batting - Pitching for Echo Park Lakers : RHP Mark Collingwood
Batting: LHB Manuel Domínguez 0-0: Fly out, F6 (Line Drive, 6)
Batting: RHB Richard Younger 0-0: Ball
1-0: Ball
2-0: Foul Ball, location: 2F
2-1: Ball
3-1: Ground out 6-3 (Groundball, 6)
Batting: SHB Sang-your Yu 0-0: Ground out 4-3 (Groundball, 34D)
Top of the 7th over - 0 runs, 0 hits, 0 errors, 0 left on base; Athletic Club KC 3 - Echo Park 0
BOTTOM OF THE 7TH
Echo Park Lakers batting - Pitching for Athletic Club KC : RHP Pedro Ramírez
Batting: RHB Yoshihito Samurakami 0-0: Ground out U3 (Groundball, 3)
Batting: RHB Freddy Torres 0-0: TRIPLE (Flyball, 89D)
Batting: RHB Zhenya Worobtsoff 0-0: Ball
1-0: Ball
2-0: Called Strike
2-1: Ball
3-1: Fly out, F8 (Flyball, 8RM)
Runner from 3rd tags up, OUT at HOME
Bottom of the 7th over - 0 runs, 1 hit, 0 errors, 0 left on base; Athletic Club KC 3 - Echo Park 0
TOP OF THE 8TH
Athletic Club KC batting - Pitching for Echo Park Lakers : RHP Mark Collingwood
Batting: RHB Khal Drogo 0-0: Called Strike
0-1: Swinging Strike
0-2: Ground out 4-3 (Groundball, 4)
Batting: RHB Jesús Vargas 0-0: Called Strike
0-1: Foul Ball, location: 2F
0-2: Foul Ball, location: 2F
0-2: Foul Ball, location: 2F
0-2: Foul Ball, location: 2F
0-2: Ground out 4-3 (Groundball, 4)
Batting: RHB Dong-min Cho 0-0: Ball
1-0: Ball
2-0: Called Strike
2-1: Ground out 5-3 (Groundball, 56)
Top of the 8th over - 0 runs, 0 hits, 0 errors, 0 left on base; Athletic Club KC 3 - Echo Park 0
BOTTOM OF THE 8TH
Echo Park Lakers batting - Pitching for Athletic Club KC : RHP Pedro Ramírez
Batting: RHB Alfredo Mojica 0-0: Ball
1-0: Called Strike
1-1: Foul Ball, location: 2F
1-2: Strikes out swinging
Batting: RHB Ismael Sandoval 0-0: Ball
1-0: Ball
2-0: Called Strike
2-1: Foul Ball, location: 2F
2-2: Ball
3-2: Strikes out looking
Batting: RHB Miguel Morán 0-0: Ball
1-0: Foul Ball, location: 2F
1-1: Fly out, F8 (Flyball, 8LXD)
Bottom of the 8th over - 0 runs, 0 hits, 0 errors, 0 left on base; Athletic Club KC 3 - Echo Park 0
TOP OF THE 9TH
Athletic Club KC batting - Pitching for Echo Park Lakers : RHP Mark Collingwood
Batting: LHB Tsai Ng 0-0: Called Strike
0-1: Fly out, F7 (Flyball, 7)
Batting: LHB Jesús Reyes 0-0: Ball
1-0: Fly out, F9 (Line Drive, 9D)
Batting: SHB Pedro Vázquez 0-0: Called Strike
0-1: Ball
1-1: Ball
2-1: Ball
3-1: Foul Ball, location: 2F
3-2: SINGLE (Groundball, 34D)
Pitching: RHP Weston Fisher
Batting: LHB Manuel Domínguez 0-0: Ball
1-0: Called Strike
1-1: Ball
2-1: Foul Ball, location: 2F
2-2: Ball
3-2: Strikes out swinging
Top of the 9th over - 0 runs, 1 hit, 0 errors, 1 left on base; Athletic Club KC 3 - Echo Park 0
BOTTOM OF THE 9TH
Echo Park Lakers batting - Pitching for Athletic Club KC : RHP Pedro Ramírez
Batting: LHB Stefan Vanderhoof 0-0: Ball
1-0: Foul Ball, location: 2F
1-1: Foul Ball, location: 2F
1-2: Ball
2-2: Fly out, F9 (Line Drive, 9S)
Batting: RHB Guillermo Coss 0-0: TRIPLE (Line Drive, 89XD)
Pitching: RHP Sook Sung-Man
Batting: LHB Count Dante 0-0: Foul Ball, location: 2F
0-1: Ball
1-1: Ball
2-1: Foul Ball, location: 2F
2-2: Ball
3-2: Fly out, F5 (Popup, 5SF)
Batting: RHB Yoshihito Samurakami 0-0: Ball
1-0: Fly out, F3 (Line Drive, 3)
Bottom of the 9th over - 0 runs, 1 hit, 0 errors, 1 left on base; Athletic Club KC 3 - Echo Park 0
Sunday, March 18th, 2018 - OOTP Baseball 18.8 Build 76